 Dungeon Crawl Stone Soup version 0.21.0 (webtiles) character file.

48 Hekarica the Stinger (level 3, -1/23 HPs)
             Began as an Octopode Venom Mage on May 20, 2018.
             Slain by a worker ant (8 damage)
             ... on level 2 of the Dungeon.
             The game lasted 00:04:56 (993 turns).

Hekarica the Stinger (Octopode Venom Mage)           Turns: 993, Time: 00:04:57

Health: -1/23      AC:  1    Str:  8    XL:     3   Next: 72%
Magic:  2/6        EV: 13    Int: 17    God:
Gold:   39         SH:  0    Dex: 12    Spells: 5/6 levels left

rFire    . . .     SeeInvis .     - Unarmed
rCold    . . .     Gourm    .   (no shield)
rNeg     . . .     Faith    .   (helmet restricted)
rPois    .         Spirit   .   (no amulet)
rElec    .         Reflect  .   (no ring)
rCorr    .         Harm     .   (no ring)
MR       .....                  (no ring)
Stlth    +++.......             (no ring)
HPRegen  0.07/turn              (no ring)
MPRegen  0.10/turn              (no ring)
                                (no ring)
                                (no ring)

@: no status effects
A: almost no armour, stealthy swim, amphibious, 8 rings, constrict 8, camouflage
1, gelatinous body 1
a: no special abilities


You were on level 2 of the Dungeon.
You were not hungry.

You visited 1 branch of the dungeon, and saw 2 of its levels.

You collected 39 gold pieces.

Inventory:

Missiles
 c - 22 poisoned needles
Jewellery
 d - an uncursed ring of wizardry {unknown}
 g - an uncursed ring of see invisible {unknown}
Books
 a - a Young Poisoner's Handbook

   Spells                             Type                      Level
   a - Sting                          Conjuration/Poison           1
   b - Poisonous Vapours              Poison/Air                   2
   c - Mephitic Cloud                 Conjuration/Poison/Air       3
   d - Olgreb's Toxic Radiance        Poison                       4
   e - Venom Bolt                     Conjuration/Poison           5
Comestibles
 b - a ration


   Skills:
 + Level 1.2 Fighting
 + Level 2.4 Dodging
 + Level 3.5 Stealth
 + Level 1.1 Unarmed Combat
 + Level 2.4 Spellcasting
 - Level 1.0 Conjurations
 - Level 3.6 Poison Magic


You had 5 spell levels left.
You knew the following spells:

 Your Spells              Type           Power        Failure   Level  Hunger
a - Sting                 Conj/Pois      #...         7%          1    #......


Dungeon Overview and Level Annotations

Branches:
Dungeon (2/15)

Altars:


Innate Abilities, Weirdness & Mutations

You cannot wear most types of armour.
You are very stealthy in the water. (Stealth+)
You are amphibious.
You can wear up to eight rings at the same time.
You can use your tentacles to constrict eight enemies at once.
Your skin changes colour to match your surroundings (Stealth+).
Your rubbery body absorbs attacks. (AC +1, EV +1)


Message History

You barely miss the worker ant. You grab the worker ant.
The worker ant is heavily wounded.
You constrict the worker ant, but do no damage.
The worker ant bites you.
You tentacle-slap the worker ant but do no damage.
The worker ant is heavily wounded.
You constrict the worker ant. The worker ant misses you. x2
You barely miss the worker ant.
The worker ant is severely wounded.
You constrict the worker ant, but do no damage.
The worker ant bites you.
You tentacle-slap the worker ant but do no damage.
The worker ant is severely wounded.
You constrict the worker ant, but do no damage.
The worker ant bites you.
You tentacle-slap the worker ant but do no damage.
The worker ant is severely wounded.
You constrict the worker ant, but do no damage.
The worker ant bites you!
You die...

#....[....#
...).....#
........#
.....a#
...?# #..#
#.# #a# #@#
#.# #.# #.#
#.# #.#
#########.#
##.........#
#.......####


You could see a worker ant.

Vanquished Creatures
  An ooze (D:2)
  A worm (D:2)
  A dart slug (D:1)
  5 goblins (D:1)
  10 hobgoblins
  A ball python (D:1)
  7 bats
  3 frilled lizards
  3 kobolds (D:1)
  4 rats (D:1)
36 creatures vanquished.

Notes
Turn   | Place    | Note
-------+----------+-------------------------------------------
     0 | D:1      | Hekarica the Octopode Venom Mage began the quest for the Orb.
     0 | D:1      | Reached XP level 1. HP: 11/11 MP: 3/3
    83 | D:1      | Reached XP level 2. HP: 18/18 MP: 1/5
   464 | D:1      | Reached XP level 3. HP: 19/22 MP: 4/6
   499 | D:1      | Reached skill level 1 in Fighting
   561 | D:1      | Reached skill level 1 in Unarmed Combat
   993 | D:2      | Slain by a worker ant

Skill      XL: |  1  2  3 |
---------------+----------+-----
Stealth        | 3 |  3.5
Fighting       | 1 |  1.2
Unarmed Combat | 1 |  1.1
Dodging        | |  2.4
Spellcasting   | |  2.4
Conjurations   | |  1.0
Poison Magic   | |  3.6

Action                   || total
-------------------------++-------
Melee: Unarmed           ||    67
       Constrict         ||    18
       Tentacles         ||    10
 Cast: Sting             ||    48
  Use: Scroll            ||     2
 Stab: Sleeping          ||     5
  Eat: Ration            ||     1
Armor: Skin              ||    11
Dodge: Dodged            ||    56
